 Dungeon Crawl Stone Soup version 0.30.1-4-g462c640d31 (webtiles) character file.

Game seed: 4869210352737351570

394 lonewolfV2 the Chopper (level 6, -4/48 HPs)
             Began as a Demonspawn Fighter on Aug 28, 2023.
             Splashed by a jelly's acid (9 damage)
             ... on level 4 of the Dungeon.
             The game lasted 00:05:21 (3368 turns).

lonewolfV2 the Chopper (Demonspawn Fighter)         Turns: 3368, Time: 00:05:23

Health: -4/48      AC:  5    Str: 18    XL:     6   Next: 51%
Magic:  6/6        EV:  9    Int:  9    God:
Gold:   157        SH:  5    Dex: 13    Spells: 5/5 levels left

rFire   . . .        a - +0 war axe
rCold   . . .        c - +0 buckler
rNeg    . . .        b - +0 scale mail
rPois   +            (no helmet)
rElec   .            (no cloak)
rCorr   .            g - +2 pair of gloves
SInv    .            (no boots)
Will    .....        l - amulet of magic regeneration Stlth
                     o - ring of poison resistance
HPRegen 0.28/turn    (no ring)
MPRegen 0.50/turn

%: no passive effects
@: corroded
A: thin metallic scales 2, demonic magic 1
a: no special abilities


You were on level 4 of the Dungeon.
You visited 1 branch of the dungeon, and saw 4 of its levels.

You collected 157 gold pieces.

Inventory:

Hand Weapons
 a - a +0 war axe (weapon)
Armour
 b - a +0 scale mail (worn)
 c - a +0 buckler (worn)
 g - a +2 pair of gloves (worn)
Jewellery
 l - an amulet of magic regeneration (around neck)
 o - a ring of poison resistance (left hand)
Scrolls
 f - a scroll of teleportation
 i - a scroll of blinking {unknown}
 n - a scroll of amnesia
 p - a scroll of identify
 t - a scroll of summoning {unknown}
Potions
 d - a potion of might
 e - a potion of ambrosia
 h - 2 potions of degeneration
 j - 2 potions of brilliance
 k - a potion of flight {unknown}
 m - a potion of cancellation
 q - a potion of heal wounds {unknown}
 r - 2 potions of curing {unknown}
 s - a potion of attraction {unknown}


   Skills:
 + Level 3.7 Fighting
 + Level 4.4 Axes
 + Level 3.4 Armour
 + Level 1.4 Dodging
 + Level 0.2 Stealth
 + Level 3.9 Shields


You had 5 spell levels left.
You didn't know any spells.
Your spell library was empty.

Dungeon Overview and Level Annotations

Branches:
Dungeon (4/15)
 Temple: D:4-7

Altars:
Fedhas
Kikubaaqudgha


Innate Abilities, Weirdness & Mutations

You are mostly covered in thin metallic scales. (AC +3)
Spells you cast may paralyse adjacent enemies.


Message History

You kill the orc!
You hit the orc. The orc hits you but does no damage.
You block the hound's attack. The orc hits you but does no damage.
The jelly hits you. The acid corrodes you!
You are splashed with acid!
The hound closely misses you.
You miss the hound.
The hound is almost dead.
You slash the jelly!
Your hands burn!
You barely miss the orc. The hound barely misses you.
The orc hits you with a +0 short sword. The jelly hits you but does no damage.
The hound barely misses you.
You slash the hound!
You kill the hound!
You hit the orc but do no damage. You hit the jelly but do no damage.
Your hands burn!
The jelly hits you but does no damage. The orc hits you with a +0 short sword.
You hit the orc priest but do no damage.
You hit the orc. x2; You hit the jelly. The acid corrodes you!
Your hands burn!
The orc priest calls upon Beogh to heal the orc.
The orc's wounds heal themselves!
The jelly barely misses you. The orc barely misses you.
The orc hits you with a +0 short sword. The orc barely misses you.
The jelly hits you but does no damage.
The orc priest mumbles some strange prayers to Beogh against you.
Beogh smites you!
* * * LOW HITPOINT WARNING * * *
You block the orc's attack.
You closely miss the orc priest. You hit the orc.
You hit the jelly but do no damage.
Your hands burn!
* * * LOW HITPOINT WARNING * * *
You hit the orc.
You kill the orc!
The jelly hits you but does no damage. The orc closely misses you.
The orc priest barely misses you.
You barely miss the orc priest. You hit the orc but do no damage.
You hit the jelly.
Your hands burn!
* * * LOW HITPOINT WARNING * * *
The orc priest barely misses you. The orc barely misses you.
The jelly hits you.
* * * LOW HITPOINT WARNING * * *
You are splashed with acid!
You die...

#...>..#
#.....#
#....# #...#
#.†.# #...#
##.[# ##).#
#.o@# #.Jo#
#..?# #....
......
).......
..........
...........[


You could see a jelly, an orc priest and an orc.

Vanquished Creatures
  Eustachio (D:3)
  A hound (D:4)
  An iguana (D:3)
  Robin (D:2)
  A gnoll (D:1)
  5 adders
  2 worms (D:3)
  3 dart slugs
  11 orcs
  12 ball pythons
  8 endoplasms
  3 giant cockroaches
  13 goblins
  15 hobgoblins
  4 jackals (D:4)
  A quokka (D:1)
  10 bats
  7 frilled lizards
  3 kobolds
  7 rats
  A spectral goblin (D:1)
110 creatures vanquished.

Notes
Turn   | Place    | Note
-------+----------+-------------------------------------------
     0 | D:1      | lonewolfV2 the Demonspawn Fighter began the quest for the
                  | Orb.
     0 | D:1      | Reached XP level 1. HP: 18/18 MP: 1/1
   134 | D:1      | Gained mutation: You are partially covered in thin metallic
                  | scales. (AC +2) [demonic ancestry]
   134 | D:1      | Reached XP level 2. HP: 14/24 MP: 2/2
   274 | D:1      | Reached skill level 2 in Axes
   277 | D:1      | Reached XP level 3. HP: 24/29 MP: 3/3
   522 | D:1      | Found a faded altar of an unknown god.
  1013 | D:2      | Reached XP level 4. HP: 35/35 MP: 4/4
  1310 | D:2      | Noticed Robin
  1326 | D:2      | Killed Robin
  1465 | D:2      | Reached skill level 3 in Axes
  2370 | D:3      | Gained mutation: You are mostly covered in thin metallic
                  | scales. (AC +3) [demonic ancestry]
  2370 | D:3      | Reached XP level 5. HP: 39/41 MP: 5/5
  2633 | D:3      | Found an ancient bone altar of Kikubaaqudgha.
  2636 | D:3      | Found a blossoming altar of Fedhas.
  2763 | D:4      | Noticed Eustachio
  2782 | D:3      | Killed Eustachio
  2783 | D:3      | Reached skill level 4 in Axes
  2783 | D:3      | Reached skill level 1 in Dodging
  2783 | D:3      | Gained mutation: Spells you cast may paralyse adjacent
                  | enemies. [demonic ancestry]
  2783 | D:3      | Reached XP level 6. HP: 19/48 MP: 6/6
  3368 | D:4      | Splashed by a jelly's acid

Illustrated notes

Levels and vault maps discovered:
D:1:      shiori_arrival_elements, layout_loops_ring,
          dreamdust_ecumenical_altar_drowned_temple
D:2:      layout_basic, uniq_robin
D:3:      layout_loops_corners, grunt_temple_overflow_growth_and_decay,
          grunt_ministairs_13
D:4:      layout_layer_cave, makhleb_blood_cavern_becter,
          kennysheep_slug_shrine, kennysheep_generic_room_4, uniq_eustachio

Skill      XL: |  1  2  3  4  5 |
---------------+----------------+-----
Shields        | 3 |  3.9
Axes           | 2 3 4 |  4.4
Armour         | 3 |  3.4
Dodging        | 1 |  1.4
Fighting       | |  3.7
Stealth        | |  0.2

Action                     |  1- 3 |  4- 6 || total
---------------------------+-------+-------++-------
  Melee: War axe           |   111 |   191 ||   302
    Use: Scroll            |       |     8 ||     8
 Armour: Scale mail        |    81 |   145 ||   226
  Dodge: Dodged            |    71 |   123 ||   194
  Block: Buckler           |    38 |    89 ||   127
